 Dungeon Crawl Stone Soup version 0.32-a0-391-gce5c0aab1b (webtiles) character file.

Game seed: 4824089685664962777

167 Sobieck the Shooter (level 5, -8/41 HPs)
             Began as a Coglin Hunter on Feb 19, 2024.
             Was a Follower of Qazlal.
             Killed from afar by Ijyb (10 damage)
             ... with a puff of flame
             ... on level 3 of the Dungeon.
             The game lasted 00:03:41 (1711 turns).

Sobieck the Shooter (Coglin Hunter)                 Turns: 1711, Time: 00:03:42

Health: -8/41      AC:  3    Str: 11    XL:     5   Next: 48%
Magic:  5/5        EV: 12    Int: 15    God:    Qazlal [*.....]
Gold:   103        SH:  2    Dex: 19    Spells: 4/4 levels left

rFire   . . .        a - +0 shortbow {Ruka}
rCold   . . .        (shield currently unavailable)
rNeg    . . .        c - +0 leather armour
rPois   .            (no helmet)
rElec   .            (no cloak)
rCorr   .            (no gloves)
SInv    .            (no boots)
Will    +....        (no amulet)
Stlth   +            j - +6 ring of intelligence
HPRegen 0.26/turn    (no ring)
MPRegen 0.09/turn

%: no passive effects
@: enlightened, flying, revved, stiff-legged, very slow
A: off-hand wielding, slow wielding, warmup strikes, warmup strides
a: Renounce Religion


You were on level 3 of the Dungeon.
You worshipped Qazlal.
Qazlal was aware of your devotion.
You visited 1 branch of the dungeon, and saw 3 of its levels.

You collected 103 gold pieces.

Inventory:

Hand Weapons
 a - a +0 shortbow (weapon) {Ruka}
 o - a +0 sling
Armour
 c - a +0 leather armour (worn)
Jewellery
 j - a +6 ring of intelligence (left grasper)
Scrolls
 b - a scroll of butterflies
 h - a scroll of identify {unknown}
 k - a scroll of blinking {unknown}
 m - 2 scrolls of amnesia {unknown}
 n - a scroll of vulnerability {unknown}
 p - a scroll of fear {unknown}
Potions
 e - a potion of might {unknown}
 g - 2 potions of enlightenment
 i - a potion of invisibility {unknown}
 l - a potion of degeneration {unknown}
 q - a potion of brilliance {unknown}


   Skills:
 + Level 3.1 Fighting
 * Level 5.0 Ranged Weapons
 + Level 2.8 Dodging
 - Level 0.7 Stealth


You had 4 spell levels left.
You didn't know any spells.
Your spell library contained the following spells:

 Spells                   Type           Power      Damage    Failure   Level
 Call Imp                 Summ           0%         N/A       47%         2
 Sublimation of Blood     Necr           0%         N/A       47%         2
 Summon Hydra             Summ           0%         N/A       100%        7


Dungeon Overview and Level Annotations

Branches:
Dungeon (3/15)

Altars:
Qazlal

Annotations:
D:3 Ijyb


Innate Abilities, Weirdness & Mutations

You can wield a second weapon in your off-hand.
It takes a long time for you to wield or remove held weapons.
Your first few attacks do less damage.
Your first movements take longer.


Message History

You shoot an arrow. The arrow hits Ijyb but does no damage.
Ijyb is severely wounded.
Ijyb barely misses you.
You shoot an arrow. The arrow barely misses Ijyb.
Ijyb barely misses you.
Unknown command.
You shoot an arrow. The arrow closely misses Ijyb.
Ijyb zaps a wand.
The puff of flame hits you!
* * * LOW HITPOINT WARNING * * *
A goblin comes into view. It is wielding a +0 club.
Ijyb zaps a wand.
The puff of flame misses you.
You shoot an arrow. The arrow hits Ijyb but does no damage.
Ijyb is severely wounded.
Ijyb zaps a wand.
The puff of flame hits you!
* * * LOW HITPOINT WARNING * * *
Unknown command.
You shoot an arrow. The arrow hits Ijyb but does no damage.
Ijyb is severely wounded.
Ijyb hits you with a +0 club.
* * * LOW HITPOINT WARNING * * *
Unknown command.
You shoot an arrow. The arrow hits Ijyb but does no damage.
Ijyb is severely wounded.
Ijyb hits you with a +0 club!
* * * LOW HITPOINT WARNING * * *
Unknown command.
You shoot an arrow. The arrow hits Ijyb.
Ijyb is severely wounded.
Ijyb barely misses you.
Unknown command.
You shoot an arrow. The arrow hits Ijyb but does no damage.
Ijyb is severely wounded.
Ijyb zaps a wand.
The puff of flame misses you. Ijyb hits you with a +0 club.
* * * LOW HITPOINT WARNING * * *
Unknown command.
You shoot an arrow. The arrow hits Ijyb.
Ijyb is almost dead.
Ijyb misses you.
Unknown command.
Okay, then.
Unknown command.
You shoot an arrow. The arrow closely misses Ijyb.
The arrow hits the goblin but does no damage.
Ijyb hits you but does no damage.
Unknown command.
You shoot an arrow. The arrow closely misses Ijyb.
The arrow hits the goblin!
You kill the goblin!
Qazlal accepts your kill.
Ijyb zaps a wand.
The puff of flame hits you!
You die...
Ijyb moans, "Good help so hard to find!"

+..... #.... ..... .....
#. ###.#.# #. ..#.#.#
#####. (. #.#.#.# #...#.
....##.#@#.#########.#.#.
......†#g#.........#.#.#.
#.)).....###.#.#.#.
.......$.......# #.#.#...
...............# #.#.###.
...............# #.#(....
.........#).######.#.####
.........................
.................†...##..


You could see Ijyb.

Vanquished Creatures
  Jessica (D:3)
  Natasha (D:2)
  2 adders (D:3)
  A dart slug (D:1)
  2 orcs (D:3)
  3 bats
  5 endoplasms
  4 giant cockroaches
  9 hobgoblins
  3 kobolds (D:2)
  A quokka (D:2)
  7 ball pythons
  4 frilled lizards
  8 goblins
  3 rats
54 creatures vanquished.

Notes
Turn   | Place    | Note
-------+----------+-------------------------------------------
     0 | D:1      | Sobieck the Coglin Hunter began the quest for the Orb.
     0 | D:1      | Reached XP level 1. HP: 16/16 MP: 1/1
    80 | D:1      | Reached XP level 2. HP: 22/22 MP: 2/2
   145 | D:1      | Reached skill level 4 in Ranged Weapons
   170 | D:1      | Reached XP level 3. HP: 28/28 MP: 3/3
   219 | D:1      | Found a faded altar of an unknown god.
   251 | D:1      | Prayed at the altar of an unknown god.
   251 | D:1      | Became a worshipper of Qazlal Stormbringer
   251 | D:1      | Reached * piety under Qazlal
   836 | D:2      | Reached XP level 4. HP: 34/34 MP: 4/4
  1355 | D:3      | Noticed Natasha
  1376 | D:2      | Killed Natasha
  1539 | D:3      | Reached skill level 3 in Fighting
  1539 | D:3      | Reached XP level 5. HP: 41/41 MP: 5/5
  1620 | D:3      | Noticed Jessica
  1627 | D:3      | Killed Jessica
  1635 | D:3      | Reached skill level 5 in Ranged Weapons
  1663 | D:3      | Noticed Ijyb
  1706 | D:3      | HP: 2/41 [Ijyb/+0 club (7)]
  1711 | D:3      | Killed from afar by Ijyb

Illustrated notes

Levels and vault maps discovered:
D:1:      dpeg_arrival_pond, layout_rooms,
          hellmonk_ecumenical_altar_heavens_door
D:2:      layout_basic
D:3:      layout_basic, kennysheep_vampire_church,
          nicolae_wu_jian_glorious_leap, uniq_ijyb, uniq_natasha, uniq_jessica

Skill      XL: |  1  2  3  4  5 |
---------------+----------------+-----
Dodging        | 2 |  2.8
Ranged Weapons | 4 5 |  5.0
Fighting       | 3 |  3.1
Stealth        | |  0.7

Action                     |  1- 3 |  4- 6 || total
---------------------------+-------+-------++-------
   Fire: Shortbow          |    77 |   109 ||   186
    Use: Potion            |       |     6 ||     6
 Armour: Leather armour    |     5 |    54 ||    59
  Dodge: Dodged            |     7 |    40 ||    47
  Block: Other             |       |     1 ||     1

Table legend: (Time is in decaauts)
 A = Elapsed time spent in this place.
 B = Non-inter-level travel time spent in this place.
 C = Inter-level travel time spent in this place.
 D = Time resting spent in this place.
 E = Time spent auto-exploring this place.
 F = Levels seen in this place.
 G = Mean time per level.
                   A        B        C        D        E       F      G
               +--------+--------+--------+--------+--------+-----+--------+
         Total |   1824 |   1773 |     51 |    108 |   1314 |   3 |  608.0 |
       Dungeon |   1824 |   1773 |     51 |    108 |   1314 |   3 |  608.0 |
               +--------+--------+--------+--------+--------+-----+--------+

Top non-repeatable levels by time:
     D:2: 1032 daAuts
     D:1: 510 daAuts
     D:3: 281 daAuts
